Arrhythmia, chaotic female vampiric Convict --------- --------- |%%%.%%%| |.......| |%%.%%%!| |.......| |%%%%%!%| |.......| |%.%%%%%| |.......| |.......| |.......| -----%--- ------.-- ## ### # # # ## ----..--- ---|----- --------- --------- |.......| #-....>..| |..<....| |.......| |........h@###|.......-### |........### |.......| |.......| |.......| # |.....[.| # |.......| |.......| |.......| ###|.......| ###|.......| |.......| |.......| %........| #-......<| --------- --------- --------- --------- Arrhythmia the Jail-bird Experience level: 9 Strength: 17 Dexterity: 16 Constitution: 20 Intelligence: 13 Wisdom: 8 Charisma: 6 Health: 0(102) Energy: 48(48) AC: -10 Gold: 260 Moves: 7982 Your Inventory: Coins $ - 260 gold pieces Amulets y - an [uncursed] rectangular amulet [versus poison] Armor a - an [uncursed] +3 pair of high boots (being worn) m - an [uncursed] +1 pair of gauntlets of dexterity (being worn) o - an [uncursed +0] tattered cape [cloak of protection] s - a [cursed -1] pair of hiking boots [fumble] t - an [uncursed +0] Hawaiian shirt v - an [uncursed] +0 robe (being worn) w - a [cursed +0] pair of mud boots [levitation] z - an [uncursed] +0 elven shield (being worn) D - an [uncursed +0] opera cloak [of displacement] J - an [uncursed +0] opera cloak [of displacement] L - an [uncursed +0] elven shield N - an [uncursed] +0 leather hat [elven leather helm] (being worn) S - an [uncursed +0] pair of boots called Cheap [kicking] X - an [uncursed] +0 dwarvish mithril-coat (being worn) Scrolls h - an uncursed scroll of create monster A - a [cursed] scroll of create monster W - an uncursed scroll of teleportation Z - an uncursed scroll of scare monster Potions H - an [uncursed] potion called acid [of water] Wands d - an [uncursed] wand of striking [0:2] F - an [uncursed] wand of magic missile [0:6] G - an [uncursed] wand of striking [0:5] Tools u - an [uncursed] looking glass [mirror] P - an [uncursed] towel R - an [uncursed] stethoscope Gems e - an [uncursed] blue gem [worthless glass] Iron balls c - an [uncursed] rusty heavy iron ball (weapon in hand) Spells known in the end: Name Level Category Fail Memory a - confuse monster 2 enchantment 100% [|||||||.] Your skills at the end: Fighting Skills shield [Basic / Basic] Weapon Skills flail [Basic / Expert] sling [Basic / Skilled] Spellcasting Skills Final Attributes: You were piously aligned. Hunger level was -544. Your alignment was 48 / 49. Monster difficulty range was 1 - 8. Level difficulty was 8. You were immune to poison. You were immune to level-drain. You were immune to sickness. You could fly. You could survive without air. You regenerated. You were lucky (1). Tymora was angry with you (1). You are dead. Vanquished creatures: a warg 2 small mimics a giant beetle 2 quivering blobs 2 orc-captains a giant spider a horse a vampire bat 2 gnome kings a dwarf mummy 2 rust monsters a werewolf 2 Green-elves a chickatrice a dingo a dwarf lord a dust vortex 2 human zombies a rope golem 2 Woodland-elves 4 soldier ants a snow ant an imp 2 water nymphs 5 Mordor orcs 3 enormous rats 2 ponies a shrieker 4 gnome lords 2 gnomish wizards 2 gray oozes a ghoul a paper golem 2 baby crocodiles 5 floating eyes 10 dwarves 5 rothes a centipede 2 dwarf zombies a wererat a werejackal 3 iguanas 10 killer bees 2 coyotes 3 hobbits a large kobold 3 hobgoblins 2 cave spiders a brown mold a yellow mold a red mold 33 gnomes 3 geckos 15 jackals 2 foxes 6 goblins 4 grid bugs a bat 4 lichens a kobold zombie 3 newts 183 creatures vanquished. Voluntary challenges: You went without food. You never hit with a wielded weapon. You read items or engraved 8 times. You put on armor 30 times. You never genocided any monsters. You never polymorphed an object. You never changed form. You used no wishes. You abstained from Elbereth's help. You never encountered a bones level. You never used any Sokoban shortcuts. Dungeon overview: The Dungeons of Doom: levels 1 to 9 Level 1 a fountain a long staircase Level 2 a general store, a fountain stairs to The Gnomish Mines Level 3 an armor shop Level 5 some fountains, a sink Level 6 a sink Level 7 many fountains Level 8 <- You were here a delicatessen stairs to Sokoban Level 9 a general store The Gnomish Mines: levels 3 to 6 Level 3 stairs to The Dungeons of Doom Level 4 (Ninfa) Level 6 a fountain Sokoban: Level 7 a magic chest stairs to The Dungeons of Doom History has recorded: On T:1 you entered the Dungeons of Doom to retrieve the Amulet of Yendor! On T:289 you reached level 2 of The Dungeons of Doom. On T:323 you reached level 3 of The Dungeons of Doom. On T:326 you advanced to experience level 2. On T:543 you advanced to experience level 3. On T:802 you reached level 1 of The Gnomish Mines. On T:831 you advanced to experience level 4. On T:920 you advanced to experience level 5. On T:1508 you advanced to experience level 6. On T:2175 you reached level 2 of The Gnomish Mines. On T:2232 you advanced to experience level 7. On T:2331 you reached level 3 of The Gnomish Mines. On T:3088 you reached level 4 of The Gnomish Mines. On T:3112 you advanced to experience level 8. On T:4192 you reached level 4 of The Dungeons of Doom. On T:4579 you reached level 5 of The Dungeons of Doom. On T:4929 you reached level 6 of The Dungeons of Doom. On T:5247 you reached level 7 of The Dungeons of Doom. On T:5682 you advanced to experience level 9. On T:5813 you reached level 8 of The Dungeons of Doom. On T:5842 you reached level 3 of Sokoban. On T:6206 you reached level 9 of The Dungeons of Doom. Latest messages: [HP-14=52] [HP+1=53] The dwarf king swings his broad pick. The dwarf king hits! The dwarf king swings his broad pick. The dwarf king just misses! [HP-12=41] [HP+1=42] The dwarf king swings his broad pick. The dwarf king hits! The dwarf king swings his broad pick. The dwarf king hits! [HP-11=31] [HP+1=32] The dwarf king swings his broad pick. The dwarf king hits! The dwarf king swings his broad pick. The dwarf king hits! [HP-25=7] [HP+1=8] The dwarf king swings his broad pick. The dwarf king hits! You die... Final status: Goodbye Arrhythmia the Convict... You died in The Dungeons of Doom on dungeon level 8 with 10546 points, and 260 pieces of gold, after 7982 moves. You were level 9 with a maximum of 102 hit points when you died.